 Dungeon Crawl Stone Soup version 0.30-a0-800-g7c544603b3 (webtiles) character file.

Game seed: 318266480292615872

33 oldmanjim the Shooter (level 3, -1/21 HPs)
             Began as a Tengu Hexslinger on Feb 23, 2023.
             Slain by a goblin
             ... wielding a +0 dagger
             ... led by Robin
              (6 damage)
             ... on level 2 of the Dungeon.
             The game lasted 00:06:12 (902 turns).

oldmanjim the Shooter (Tengu Hexslinger)             Turns: 902, Time: 00:06:13

Health: -1/21      AC:  2    Str: 10    XL:     3   Next: 29%
Magic:  6/6        EV: 13    Int: 13    God:
Gold:   60         SH:  0    Dex: 16    Spells: 4/5 levels left

rFire   . . .      SeeInvis .    a - +1 sling
rCold   . . .      Faith    .    (no shield)
rNeg    . . .      Spirit   .    c - +0 robe
rPois   .          Reflect  .    g - +0 hat
rElec   .          Harm     .    (no cloak)
rCorr   .          Rampage  .    (no gloves)
Will    .....                    (boots unavailable)
Stlth   +                        (no amulet)
HPRegen 0.23/turn                (no ring)
MPRegen 0.10/turn                (no ring)

@: no status effects
A: beak, talons 3
a: no special abilities


You were on level 2 of the Dungeon.
You visited 1 branch of the dungeon, and saw 2 of its levels.

You collected 60 gold pieces.

Inventory:

Hand Weapons
 a - a +1 sling (weapon)
Missiles
 f - 4 boomerangs
 h - 3 poisoned darts
 j - 10 stones
Armour
 c - a +0 robe (worn)
 g - a +0 hat (worn)
Scrolls
 b - a scroll of poison
 d - 3 scrolls of identify {unknown}
 e - 2 scrolls of teleportation {unknown}
 i - a scroll of blinking {unknown}
 l - a scroll of immolation {unknown}
Potions
 k - a potion of degeneration {unknown}


   Skills:
 + Level 1.7 Fighting
 + Level 2.7 Ranged Weapons
 + Level 2.7 Dodging
 + Level 1.5 Spellcasting
 - Level 2.1 Hexes


You had 4 spell levels left.
You knew the following spells:

 Your Spells              Type           Power      Damage    Failure   Level
a - Slow                  Hex            24%        N/A       11%         1

Your spell library contained the following spells:

 Spells                   Type           Power      Damage    Failure   Level
 Freeze                   Ice            4%         1d3       26%         1
 Kiss of Death            Conj/Necr      4%         2d5       26%         1
 Magic Dart               Conj           4%         1d3       26%         1
 Shock                    Conj/Air       4%         1d3       26%         1
 Scorch                   Fire           2%         2d5       38%         2
 Inner Flame              Hex/Fire       3%         N/A       45%         3
 Portal Projectile        Hex/Tloc       6%         N/A       45%         3
 Frozen Ramparts          Ice            2%         1d1       63%         3
 Hailstorm                Conj/Ice       1%         3d3       63%         3
 Cause Fear               Hex            3%         N/A       73%         4
 Flame Wave               Conj/Fire      1%         2d4       95%         4
 Summon Cactus Giant      Summ           0%         N/A       100%        6


Dungeon Overview and Level Annotations

Branches:
Dungeon (2/15)

Altars:

Annotations:
D:2 Robin, Sigmund


Innate Abilities, Weirdness & Mutations

You have a beak for a mouth.
You have claws for feet.


Message History

You shoot a sling bullet. The sling bullet hits Robin.
Robin is lightly wounded.
A goblin comes into view. It is wielding a +0 dagger.
Robin throws the goblin at you! The goblin hits you with a +0 dagger.
A goblin comes into view. It is wielding a +0 dagger.
Robin throws the goblin at you!
The goblin shouts!
You shoot a sling bullet. The sling bullet hits the goblin.
The goblin is severely wounded.
The goblin hits you with a +0 dagger. x2
Robin roars a battlecry!
You are too injured to fight recklessly!
You are too injured to fight recklessly!
You are too injured to fight recklessly!
Unknown command.
The goblin hits you with a +0 dagger.
You see here an adder corpse.
The goblin attacks as you move away! The goblin closely misses you.
The goblin attacks as you move away! The goblin barely misses you.
A hobgoblin comes into view.
Found a war axe.
A goblin comes into view. It is wielding a +0 dagger.
A hobgoblin comes into view.
A goblin comes into view. It is wielding a +0 club.
The goblin closely misses you.
A goblin comes into view. It is wielding a +0 dagger.
The goblin shouts!
A goblin comes into view. It is wielding a +0 dagger.
Robin hits you with a +0 club. Robin throws the goblin at you!
The goblin attacks as you move away! The goblin closely misses you.
The goblin attacks as you move away! The goblin closely misses you.
The hobgoblin attacks as you move away! The hobgoblin barely misses you.
The goblin hits you but does no damage. Robin throws the goblin at you!
* * * LOW HITPOINT WARNING * * *
The goblin hits you but does no damage. The hobgoblin attacks as you move away!
The hobgoblin closely misses you. The goblin barely misses you.
The goblin attacks as you move away! The goblin hits you with a +0 dagger.
You die...

##....# #####.#.#
#....## #...#.#.#####
#.....#####.#.#.......#
#.....##....#.....###.#
#....†......#.#.....#.#
#....##...#.##....#.#.#
#######...#.....#.#...#
##†.####.#..#####
#.†...#.@..#
##.###.#ggg##
#........ggg.#
#.......#..g##
#.........g...#
.......#..#.g#.#
#.......#...>.#.#
#.......#.##).) #
#.......#. ..###


You could see Robin, 2 hobgoblins and 6 goblins.

Vanquished Creatures
  An adder (D:2)
  A dart slug (D:1)
  An endoplasm (D:1)
  A giant cockroach (D:1)
  4 hobgoblins
  A kobold (D:1)
  A quokka (D:1)
  2 bats
  2 frilled lizards (D:1)
  5 goblins
  A rat (D:2)
20 creatures vanquished.

Vanquished Creatures (others)
  A draconian (D:1)
  2 octopodes (D:1)
  An elf (D:1)
  A formicid (D:1)
  A spriggan (D:1)
  2 humans (D:1)
  2 nagas (D:1)
  A demigod (D:1)
  2 felids (D:1)
  A gnoll (D:1)
  An orc (D:1)
  8 tentacles (D:1)
23 creatures vanquished.

Grand Total: 43 creatures vanquished

Notes
Turn   | Place    | Note
-------+----------+-------------------------------------------
     0 | D:1      | oldmanjim the Tengu Hexslinger began the quest for the Orb.
     0 | D:1      | Reached XP level 1. HP: 12/12 MP: 3/3
     2 | D:1      | Noticed a human
     2 | D:1      | Noticed a spriggan
     2 | D:1      | Noticed a demigod
     2 | D:1      | Noticed an octopode
     2 | D:1      | Noticed a draconian
     2 | D:1      | Noticed a felid
     2 | D:1      | Noticed an octopode
     2 | D:1      | Noticed a kraken
     2 | D:1      | Noticed a naga
     2 | D:1      | Noticed an elf
     2 | D:1      | Noticed a felid
     2 | D:1      | Noticed a naga
     2 | D:1      | Noticed a formicid
     2 | D:1      | Noticed a human
     3 | D:1      | Killed a demigod
     4 | D:1      | Killed an octopode
     6 | D:1      | Killed an octopode
     7 | D:1      | Killed a human
     9 | D:1      | Killed a spriggan
    11 | D:1      | Killed a felid
    12 | D:1      | Killed a naga
    15 | D:1      | Killed a formicid
    18 | D:1      | Killed a human
    19 | D:1      | Got A Beginning Course on Veiled Knowledge
    20 | D:1      | Killed a draconian
    20 | D:1      | Killed a naga
    21 | D:1      | Killed a felid
    22 | D:1      | Killed an elf
   207 | D:1      | Reached XP level 2. HP: 16/16 MP: 1/4
   837 | D:2      | Reached XP level 3. HP: 17/20 MP: 3/6
   875 | D:2      | Noticed Sigmund
   888 | D:2      | Noticed Robin
   902 | D:2      | Slain by a goblin

Illustrated notes

Levels and vault maps discovered:
D:1:      nicolae_arrival_kraken_aquarium_b, layout_basic, serial_curves,
          eino_curves_01, eino_curves_03, eino_curves_02, eino_curves_04
D:2:      layout_basic, basic_altar, uniq_terence, uniq_robin, uniq_sigmund

Action                     || total
---------------------------++-------
   Fire: Sling             ||    68
   Cast: Slow              ||    15
 Armour: Robe              ||     9
  Dodge: Dodged            ||    33

Table legend: (Time is in decaauts)
 A = Elapsed time spent in this place.
 B = Non-inter-level travel time spent in this place.
 C = Inter-level travel time spent in this place.
 D = Time resting spent in this place.
 E = Time spent auto-exploring this place.
 F = Levels seen in this place.
 G = Mean time per level.
                   A        B        C        D        E       F      G
               +--------+--------+--------+--------+--------+-----+--------+
         Total |    921 |    908 |     13 |     36 |    624 |   2 |  460.5 |
       Dungeon |    921 |    908 |     13 |     36 |    624 |   2 |  460.5 |
               +--------+--------+--------+--------+--------+-----+--------+

Top non-repeatable levels by time:
     D:1: 801 daAuts
     D:2: 120 daAuts
